 Seeded DCSS version 0.27-a0-562-g0d39f094a4 (webtiles) character file.

Game seed: 16989952797484863983 (custom seed)

628 karrick the Chopper (level 7, -3/55 HPs)
             Began as a Demonspawn Abyssal Knight on Mar 8, 2021.
             Was a Priest of Lugonu.
             Slain by an ice beast (10 damage)
             ... on level 6 of the Dungeon.
             The game lasted 00:06:04 (5569 turns).

karrick the Chopper (Demonspawn Abyssal Knight)     Turns: 5569, Time: 00:06:05

Health: -3/55      AC:  7    Str: 15    XL:     7   Next: 23%
Magic:  8/8        EV: 12    Int: 13    God:    Lugonu [***...]
Gold:   287        SH:  4    Dex: 18    Spells: 6/6 levels left

rFire    + . .     SeeInvis .   s - +5 hand axe
rCold    . . .     Faith    .   (no shield)
rNeg     . . .     Spirit   .   t - +1 leather armour {rPois}
rPois    +         Reflect  .   (helmet restricted)
rElec    .         Harm     .   e - +0 cloak
rCorr    .         Rampage  .   (no gloves)
Will     .....                  (no boots)
Stlth    ++........             (no amulet)
HPRegen  0.18/turn              n - ring of protection from fire
MPRegen  0.11/turn              r - +6 ring of dexterity

@: lethally poisoned (-3 -> -8)
A: antennae 2, sharp scales 2, condensation shield
a: Renounce Religion, Depart the Abyss, Bend Space, Banish


You were on level 6 of the Dungeon.
You worshipped Lugonu.
Lugonu was most pleased with you.
You visited 1 branch of the dungeon, and saw 6 of its levels.
You visited the Abyss 1 time.

You collected 287 gold pieces.

Inventory:

Hand Weapons
 a - a +1 hand axe
 s - a +5 hand axe (weapon)
Armour
 b - a +0 leather armour
 e - a +0 cloak (worn)
 i - +0 gold dragon scales
 t - a +1 leather armour of poison resistance (worn)
Jewellery
 n - a ring of protection from fire (left hand)
 r - a +6 ring of dexterity (right hand)
 x - a ring of magical power
 B - a ring of flight
Wands
 u - a wand of mindburst (5)
Scrolls
 c - 4 scrolls of immolation {unknown}
 d - 2 scrolls of enchant weapon {unknown}
 f - 2 scrolls of identify {unknown}
 g - a scroll of fog {unknown}
 l - 3 scrolls of teleportation {unknown}
 p - 2 scrolls of enchant armour {unknown}
 v - a scroll of blinking {unknown}
 y - a scroll of magic mapping {unknown}
Potions
 j - a potion of cancellation {unknown}
 k - 2 potions of attraction {unknown}
 m - a potion of mutation {unknown}
 o - a potion of might {unknown}
 q - 2 potions of curing {unknown}
 w - a potion of flight {unknown}
 z - 3 potions of brilliance {unknown}
 A - a potion of degeneration {unknown}


   Skills:
 + Level 4.4 Fighting
 + Level 4.7 Axes
 * Level 3.9 Armour
 + Level 2.1 Dodging
 + Level 1.0 Stealth
 + Level 1.0 Shields
 + Level 0.4 Unarmed Combat
 + Level 2.6 Invocations


You had 6 spell levels left.
You didn't know any spells.
Your spell library contained the following spells:

 Spells                   Type           Power      Damage    Failure   Level
 Animate Skeleton         Necr           0%         N/A       36%         1
 Apportation              Tloc           0%         N/A       36%         1
 Corona                   Hex            0%         N/A       36%         1
 Magic Dart               Conj           0%         1d3       36%         1
 Summon Small Mammal      Summ           0%         N/A       36%         1
 Blink                    Tloc           N/A        N/A       50%         2
 Call Imp                 Summ           0%         N/A       50%         2
 Slow                     Hex            0%         N/A       50%         2
 Conjure Flame            Conj/Fire      0%         6-21      75%         3
 Mephitic Cloud           Conj/Pois/Air  0%         N/A       75%         3


Dungeon Overview and Level Annotations

Branches:
Dungeon (6/15)
 Temple: D:4-7

Altars:
Nemelex Xobeh
Qazlal
Wu Jian

Shops:
D:6 :

Annotations:
D:5 Sigmund


Innate Abilities, Weirdness & Mutations

You have a pair of antennae on your head.
You are mostly covered in razor-sharp scales. (AC +2, Slay +2)
A meltable shield of frost defends you. (SH +4)


Message History

You are too injured to fight recklessly!
You are too injured to fight recklessly!
You are too injured to fight recklessly!
You are too injured to fight recklessly!
You are too injured to fight recklessly!
You are too injured to fight recklessly!
Unknown command.
You hit the scorpion.
You kill the scorpion!
Lugonu accepts your kill.
You barely miss the ice beast.
You feel sick. The ice beast barely misses you.
Unknown command.
You hit the ice beast.
The ice beast is heavily wounded.
You feel sick.
The ice beast hits you but does no damage.
You completely miss the ice beast.
The ice beast is heavily wounded.
You feel sick.
The ice beast hits you but does no damage.
You closely miss the ice beast.
The ice beast is heavily wounded.
You feel sick. The ice beast hits you. The ice beast freezes you!
* * * LOW HITPOINT WARNING * * *
The ice beast barely misses you.
You barely miss the ice beast.
The ice beast is heavily wounded.
* * * LOW HITPOINT WARNING * * *
You feel sick.
The ice beast hits you but does no damage.
Unknown command.
You feel much better.
You feel sick. The ice beast hits you. The ice beast freezes you!
* * * LOW HITPOINT WARNING * * *
You slash the ice beast!
The ice beast is severely wounded.
You feel sick. The ice beast hits you.
* * * LOW HITPOINT WARNING * * *
The ice beast freezes you!
You die...

##### ###...###
##############.......###
#..........##..^.....^.#
...#######.#....[.......
.#...# ###.#.^.....[....
...#.# #.....^...^..^...
#.##.###.###..^.@Y.).^..
#.##.....###.....^......
#.##..##.##....^........
>.....##....^.^.^.......
........##.##....^^.....
.....###.#..............
..#.## #..###..........
..# ...## ##.#
##........# ... ...# #.#
##.... #


You could see an ice beast.

Vanquished Creatures
  Eustachio (D:4)
  An ogre (D:6)
  A scorpion (D:6)
  A hound (D:4)
  Jessica (D:2)
  Natasha (twice) (D:2 D:1)
  2 orc wizards (D:6)
  A worker ant (D:4)
  Robin (D:3)
  7 adders
  A shadow imp (D:5)
  An ufetubus (D:3)
  An ooze (D:3)
  An adder skeleton (D:4)
  2 worms (D:3)
  3 dart slugs
  2 leopard geckos (D:1)
  8 orcs
  A giant cockroach (D:1)
  14 goblins
  7 hobgoblins
  7 jackals
  A quokka (D:2)
  A ball python skeleton (D:4)
  4 bats
  2 frilled lizards (D:1)
  A jackal skeleton (D:4)
  4 kobolds
  6 rats
85 creatures vanquished.

Notes
Turn   | Place    | Note
-------+----------+-------------------------------------------
     0 | Abyss:1  | karrick the Demonspawn Abyssal Knight began the quest for
                  | the Orb.
     0 | Abyss:1  | Reached XP level 1. HP: 18/18 MP: 2/2
    33 | D:1      | Escaped the Abyss
   401 | D:1      | Gained mutation: A meltable shield of frost defends you.
                  | (SH +4) [demonic ancestry]
   401 | D:1      | Reached XP level 2. HP: 17/24 MP: 3/3
   795 | D:1      | Reached skill level 1 in Dodging
  1324 | D:1      | Found a sparkling altar of Nemelex Xobeh.
  1601 | D:2      | Reached ** piety under Lugonu
  1602 | D:2      | Reached XP level 3. HP: 10/30 MP: 4/4
  1912 | D:2      | Noticed Natasha
  1927 | D:2      | Killed Natasha
  2002 | D:2      | Noticed Natasha
  2352 | D:1      | Killed Natasha
  2353 | D:1      | Gained mutation: You are partially covered in razor-sharp
                  | scales. (AC +1, Slay +1) [demonic ancestry]
  2353 | D:1      | Reached XP level 4. HP: 29/37 MP: 5/5
  2522 | D:2      | Found a faded altar of an unknown god.
  2852 | D:2      | Noticed Robin
  2914 | D:3      | Killed Robin
  3210 | D:2      | Noticed Jessica
  3221 | D:2      | Killed Jessica
  3222 | D:2      | Gained mutation: You are mostly covered in razor-sharp
                  | scales. (AC +2, Slay +2) [demonic ancestry]
  3222 | D:2      | Reached XP level 5. HP: 42/42 MP: 6/6
  3991 | D:3      | Reached *** piety under Lugonu
  4229 | D:4      | Noticed Eustachio
  4246 | D:4      | Killed Eustachio
  4247 | D:4      | Gained mutation: You have a pair of small antennae on your
                  | head. [demonic ancestry]
  4247 | D:4      | Reached XP level 6. HP: 45/48 MP: 7/7
  4901 | D:5      | Entered Level 5 of the Dungeon
  4965 | D:5      | Noticed Sigmund
  4972 | D:6      | Found a stormy altar of Qazlal.
  5056 | D:6      | Found an ornate altar of the Wu Jian Council.
  5141 | D:6      | Reached skill level 1 in Shields
  5141 | D:6      | Gained mutation: You have a pair of antennae on your head.
                  | [demonic ancestry]
  5141 | D:6      | Reached XP level 7. HP: 45/55 MP: 8/8
  5364 | D:6      | Reached skill level 1 in Stealth
  5368 | D:6      | Found Bolemuum's Book Emporium.
  5569 | D:6      | Slain by an ice beast

Illustrated notes

Levels and vault maps discovered:
D:1:      nzn_arrival_depleted_hourglass, layout_basic, serial_forest,
          infiniplex_forest_straight_2, infiniplex_forest_lined_room_2,
          infiniplex_forest_clump_medium, infiniplex_forest_end_2,
          infiniplex_forest_diagonal, infiniplex_forest_end_double,
          infiniplex_forest_join, infiniplex_forest_corner_2, roderic_lattice_a,
          nemelex_diamond_rough_becter
D:2:      layout_basic, chequers_ecumenical_altar_simple_redux, minivault_19,
          uniq_natasha, uniq_jessica, uniq_robin
D:3:      layout_loops_ring
D:4:      layout_rooms, uniq_eustachio
D:5:      lemuel_ratsnest, layout_cave_pools, nicolae_dithmenos_shadow_blocks,
          zin_statuary, lemuel_altar_in_water, uniq_sigmund
D:6:      layout_loops_ring, lemuel_round_altar, general_overflow_altar,
          nicolae_wu_jian_immortal_techniques, serial_shops, shop, minmay_holes,
          minmay_misc_feat_encased, kennysheep_potato

Skill      XL: |  1  2  3  4  5  6  7 |
---------------+----------------------+-----
Axes           | 2 3 4 |  4.7
Dodging        | 1 2 |  2.1
Armour         | 2 3 |  3.9
Fighting       | 4 |  4.4
Shields        | 1 |  1.0
Stealth        | 1 |  1.0
Unarmed Combat | |  0.4
Invocations    | |  2.6

Action                   |  1- 3 |  4- 6 |  7- 9 || total
-------------------------+-------+-------+-------++-------
Melee: Hand axe          |   110 |   155 |    23 ||   288
       Unarmed           |    19 |       |       ||    19
Invok: Bend Space        |     1 |       |       ||     1
  Use: Potion            |       |       |     1 ||     1
Armor: Leather armour    |    27 |    54 |    10 ||    91
       Skin              |     2 |       |       ||     2
Dodge: Dodged            |    78 |    98 |    10 ||   186
Block: Other             |    23 |    25 |     6 ||    54

Table legend: (Time is in decaauts)
 A = Elapsed time spent in this place.
 B = Non-inter-level travel time spent in this place.
 C = Inter-level travel time spent in this place.
 D = Time resting spent in this place.
 E = Time spent auto-exploring this place.
 F = Levels seen in this place.
 G = Mean time per level.
                   A        B        C        D        E       F      G
               +--------+--------+--------+--------+--------+-----+--------+
         Total |   5620 |   5497 |    123 |    747 |   3936 |   7 |  802.9 |
       Dungeon |   5587 |   5464 |    123 |    747 |   3936 |   6 |  931.2 |
         Abyss |     33 |     33 |      0 |      0 |      0 |   1 |   33.0 |
               +--------+--------+--------+--------+--------+-----+--------+

Top non-repeatable levels by time:
     D:1: 1649 daAuts
     D:2: 1580 daAuts
     D:3: 976 daAuts
     D:4: 710 daAuts
     D:6: 598 daAuts
     D:5: 71 daAuts
 Abyss:1: 33 daAuts
